 Dungeon Crawl Stone Soup version 0.27-a0-909-g0721f309d1 (webtiles) character file.

Game seed: 1765031810655005478

35 jasper the Charlatan (level 3, -2/26 HPs)
             Began as a Demonspawn Artificer on Apr 8, 2021.
             Was a Follower of Dithmenos.
             Slain by a worm (10 damage)
             ... on level 2 of the Dungeon.
             The game lasted 00:03:24 (1901 turns).

jasper the Charlatan (Demonspawn Artificer)         Turns: 1901, Time: 00:03:24

Health: -2/26      AC:  8    Str: 13    XL:     3   Next: 17%
Magic:  3/3        EV: 10    Int: 12    God:    Dithmenos [*.....]
Gold:   92         SH:  0    Dex: 13    Spells: 2/2 levels left

rFire    . . .     SeeInvis .   a - +0 club
rCold    . . .     Faith    .   (no shield)
rNeg     . . .     Spirit   .   f - +0 ring mail
rPois    .         Reflect  .   n - +0 helmet
rElec    .         Harm     .   (no cloak)
rCorr    .         Rampage  .   (no gloves)
Will     .....                  (no boots)
Stlth    +.........             (no amulet)
HPRegen  0.08/turn              (no ring)
MPRegen  0.08/turn              (no ring)

@: wreathed by umbra
A: hooves 1, thin metallic scales 1
a: Renounce Religion


You were on level 2 of the Dungeon.
You worshipped Dithmenos.
Dithmenos was aware of your devotion.
You visited 1 branch of the dungeon, and saw 2 of its levels.

You collected 92 gold pieces.

Inventory:

Hand Weapons
 a - a +0 club (weapon)
 k - a +0 dagger
Armour
 b - a +0 leather armour
 f - a +0 ring mail (worn)
 n - a +0 helmet (worn)
Wands
 c - a wand of flame (7) (quivered)
 d - a wand of charming (6)
 e - a wand of random effects (15)
Scrolls
 j - a scroll of fog
 l - 2 scrolls of identify {unknown}
Potions
 g - a potion of degeneration {unknown}
 h - 2 potions of resistance {unknown}
 i - a potion of heal wounds {unknown}
 m - a potion of flight {unknown}


   Skills:
 + Level 1.3 Fighting
 - Level 1.7 Armour
 - Level 0.8 Dodging
 - Level 0.8 Stealth
 + Level 4.2 Evocations


You had 2 spell levels left.
You didn't know any spells.
Your spell library contained the following spells:

 Spells                   Type           Power      Damage    Failure   Level
 Confusing Touch          Hex            0%         N/A       91%         3
 Gell's Gravitas          Tloc           0%         N/A       91%         3
 Petrify                  Tmut/Erth      0%         N/A       100%        4
 Metabolic Englaciation   Hex/Ice        0%         N/A       100%        5
 Yara's Violent Unravell  Hex/Tmut       0%         3d3       100%        5


Dungeon Overview and Level Annotations

Branches:
Dungeon (2/15)

Altars:
Dithmenos


Innate Abilities, Weirdness & Mutations

You have large cloven feet.
You are partially covered in thin metallic scales. (AC +2)


Message History

There is an open door here.
A worm comes into view.
You hit the worm but do no damage. You kick the worm.
The worm is moderately wounded.
The worm closely misses you.
You hit the worm.
The worm is moderately wounded.
You hit the worm but do no damage.
The worm is moderately wounded.
The worm bites you.
You take 5 damage, and have 21/26 hp.
You hit the worm.
The worm is heavily wounded.
The worm bites you!
You take 8 damage, and have 13/26 hp.
MASSIVE DAMAGE!!
You hit the worm.
The worm is heavily wounded.
The worm bites you.
You take 5 damage, and have 8/26 hp.
You barely miss the worm.
The worm is heavily wounded.
The worm bites you but does no damage.
You hit the worm.
The worm is heavily wounded.
You hit the worm. You kick the worm, but do no damage.
The worm is severely wounded.
The worm bites you but does no damage.
You hit the worm. You kick the worm, but do no damage.
The worm is severely wounded.
The worm barely misses you.
You hit the worm. You kick the worm.
The worm is severely wounded.
The worm bites you.
You take 1 damage, and have 8/26 hp.
You hit the worm.
The worm is severely wounded.
You hit the worm.
The worm is almost dead.
The worm bites you!
You die...

###.#...### #.##.# ######'##.#.
....#...# #.##.# #.##...
....###.# #.##.# #†#####
........# #.##.# ######†###,,
...###### ####.##.####..[...>.#,*
#### #####....##.............#,*
#####...'..........[........#,,
###.......#...#........####.###**
..........#...#.@......# #...,,,
###.......#...#.w......# #####**
##........#...#........#
..........#...#........#
##........#...#.......[#
##)########...#........# #....#
*,,,#........#******** #....#
*,,,#.........,,,,,,,*
#....######*********,,,,,,,,,,,*


You could see a worm.

Vanquished Creatures
  A dart slug (D:1)
  3 ball pythons
  2 bats (D:1)
  2 endoplasms (D:1)
  2 giant cockroaches (D:1)
  A goblin (D:2)
  4 hobgoblins (D:1)
  5 jackals
  2 kobolds (D:2)
  A quokka (D:1)
  A frilled lizard (D:1)
  3 rats (D:1)
27 creatures vanquished.

Vanquished Creatures (collateral kills)
  A ball python (D:2)
  An endoplasm (D:2)
2 creatures vanquished.

Grand Total: 29 creatures vanquished

Notes
Turn   | Place    | Note
-------+----------+-------------------------------------------
     0 | D:1      | jasper the Demonspawn Artificer began the quest for the
                  | Orb.
     0 | D:1      | Reached XP level 1. HP: 15/15 MP: 1/1
   474 | D:1      | Gained mutation: You have large cloven feet. [demonic
                  | ancestry]
   474 | D:1      | Reached XP level 2. HP: 21/21 MP: 2/2
   824 | D:1      | Reached skill level 4 in Evocations
  1537 | D:2      | Gained mutation: You are partially covered in thin metallic
                  | scales. (AC +2) [demonic ancestry]
  1537 | D:2      | Reached XP level 3. HP: 26/26 MP: 3/3
  1625 | D:2      | Noticed a black bear
  1747 | D:2      | Found a faded altar of an unknown god.
  1755 | D:2      | Became a worshipper of Dithmenos the Shadowed
  1755 | D:2      | Reached * piety under Dithmenos
  1901 | D:2      | Slain by a worm

Illustrated notes

Levels and vault maps discovered:
D:1:      minmay_arrival_wavy_path, layout_basic
D:2:      layout_basic, shapermc_ecumenical_altar_mp_highgroup,
          chequers_serial_rivers_small_b, st_stairs_9

Skill      XL: |  1  2 |
---------------+-------+-----
Evocations     | 4 |  4.2
Fighting       | |  1.3
Armour         | |  1.7
Dodging        | |  0.8
Stealth        | |  0.8

Action                   || total
-------------------------++-------
Melee: Club              ||   110
       Kick              ||    18
Evoke: Wand              ||    17
  Use: Scroll            ||     2
Armor: Ring mail         ||    55
Dodge: Dodged            ||    78

Table legend: (Time is in decaauts)
 A = Elapsed time spent in this place.
 B = Non-inter-level travel time spent in this place.
 C = Inter-level travel time spent in this place.
 D = Time resting spent in this place.
 E = Time spent auto-exploring this place.
 F = Levels seen in this place.
 G = Mean time per level.
                   A        B        C        D        E       F      G
               +--------+--------+--------+--------+--------+-----+--------+
         Total |   1933 |   1772 |    161 |    371 |    939 |   2 |  966.5 |
       Dungeon |   1933 |   1772 |    161 |    371 |    939 |   2 |  966.5 |
               +--------+--------+--------+--------+--------+-----+--------+

Top non-repeatable levels by time:
     D:1: 1417 daAuts
     D:2: 515 daAuts
